[Event "Romanian Superliga 2024"]
[Site "Mamaia"]
[Date "2024.09.28"]
[Round "1.1"]
[White "Pranav Vijay"]
[Black "Hamitevici, Vladimir"]
[Result "1-0"]
[ECO "B90"]
[WhiteElo "2252"]
[BlackElo "2419"]
[Annotator "ChessBase"]
[PlyCount "97"]
[EventDate "2024.09.26"]
[EventType "team-tourn"]
[EventCountry "ROU"]
[SourceTitle "playchess.com"]
[Source "ChessBase"]
[SourceQuality "1"]
[TimeControl "40/5400+30:1800+30"]

1. e4 c5 2. Nf3 d6 3. d4 cxd4 4. Nxd4 Nf6 5. Nc3 a6 6. Nb3 g6 7. Be2 Bg7 8. g4 h5 9. gxh5 Nxh5 10. Bg5 Bxc3+ 11. bxc3 Nc6 12. Qd2 Qc7 13. c4 b6 14. Qc3 f6 15. Be3 Be6 16. Rg1 Bf7 17. Nd2 Ng7 18. Rb1 Rb8 19. Qb2 Ne5 20. Qa3 a5 21. Qa4+ Nd7 22. Bg4 f5 23. Be2 Ne6 24. exf5 gxf5 25. Nf3 Rc8 26. Bxb6 Qc6 27. Qxc6 Rxc6 28. Be3 a4 29. Rb4 Rc8 30. Rxa4 Nec5 31. Ra7 Rb8 32. Kd2 Ne4+ 33. Kc1 Bh5 34. Nd4 Bxe2 35. Nxe2 Rxh2 36. Nd4 f4 37. Bxf4 Rxf2 38. Be3 Rf8 39. Ne6 Rf3 40. Bd4 Kf7 41. Re1 Kxe6 42. Rxe4+ Ne5 43. Bxe5 dxe5 44. Ra5 Rf1+ 45. Kd2 Rf2+ 46. Ke3 Rxc2 47. Raxe5+ Kd7 48. Rxe7+ Kd6 49. Kd4 1-0

[Event "Romanian Superliga 2024"]
[Site "Mamaia"]
[Date "2024.09.28"]
[Round "1.2"]
[White "Raceanu, Valentin"]
[Black "Erdos, Viktor"]
[Result "0-1"]
[ECO "D85"]
[WhiteElo "2427"]
[BlackElo "2538"]
[Annotator "RC"]
[PlyCount "74"]
[EventDate "2024.09.26"]
[EventType "team-tourn"]
[EventCountry "ROU"]
[SourceTitle "playchess.com"]
[Source "ChessBase"]
[SourceQuality "1"]
[TimeControl "40/5400+30:1800+30"]

1. d4 Nf6 2. c4 g6 3. Nc3 d5 4. cxd5 Nxd5 5. Bd2 Bg7 6. e4 Nxc3 7. Bxc3 O-O 8. Qd2 c5 9. d5 e6 10. Bc4 Qh4 11. Qe3 Bd4 12. Bxd4 cxd4 13. Qxd4 exd5 14. Bxd5 Qg4 15. g3 Nc6 16. Bxc6 bxc6 17. f3 Qg5 18. Ne2 Rd8 19. Qc3 Ba6 20. Nf4 Rd3 21. Nxd3 Qe3+ 22. Kf1 Qxf3+ 23. Kg1 Bxd3 24. Re1 Bxe4 25. Qxf3 Bxf3 26. Kf2 Bxh1 27. Rxh1 Kf8 28. Rc1 Rb8 29. b3 Rb6 30. Ke3 Ke7 31. Kf4 f6 32. g4 Ra6 33. Rc2 Kd6 34. Ke4 Ra5 35. Rf2 Re5+ 36. Kf4 h5 37. h3 h4 0-1

[Event "Romanian Superliga 2024"]
[Site "Mamaia"]
[Date "2024.09.28"]
[Round "1.3"]
[White "Grigore, George-Gabriel"]
[Black "Soltanici, Ruslan"]
[Result "1-0"]
[ECO "E32"]
[WhiteElo "2414"]
[BlackElo "2316"]
[Annotator "ChessBase"]
[PlyCount "75"]
[EventDate "2024.09.26"]
[EventType "team-tourn"]
[EventCountry "ROU"]
[SourceTitle "playchess.com"]
[Source "ChessBase"]
[SourceQuality "1"]
[TimeControl "40/5400+30:1800+30"]

1. d4 Nf6 2. c4 e6 3. Nc3 Bb4 4. Qc2 O-O 5. a3 Bxc3+ 6. Qxc3 b6 7. Bg5 Bb7 8. e3 d6 9. f3 c5 10. dxc5 bxc5 11. Rd1 Nc6 12. Nh3 Rb8 13. Be2 h6 14. Bxf6 Qxf6 15. Qxf6 gxf6 16. Rxd6 Ba8 17. Rd2 Rb3 18. Nf2 Rfb8 19. Nd1 Kf8 20. Rf1 Ke7 21. Rf2 Na5 22. Bf1 Bc6 23. Nc3 f5 24. h3 h5 25. h4 a6 26. Rc2 R3b7 27. Rfd2 Nb3 28. Rd1 f4 29. exf4 Nd4 30. Rf2 Rxb2 31. Rxb2 Rxb2 32. Rb1 Rc2 33. Ne4 Nf5 34. Nxc5 Nxh4 35. Rb6 Kd6 36. Nxa6 Rc1+ 37. Kf2 Rc2+ 38. Kg1 1-0

[Event "Romanian Superliga 2024"]
[Site "Mamaia"]
[Date "2024.09.28"]
[Round "1.4"]
[White "Filip, Andrei"]
[Black "Istratescu, Andrei"]
[Result "1/2-1/2"]
[ECO "B36"]
[WhiteElo "2278"]
[BlackElo "2370"]
[Annotator "ChessBase"]
[PlyCount "30"]
[EventDate "2024.09.26"]
[EventType "team-tourn"]
[EventCountry "ROU"]
[SourceTitle "playchess.com"]
[Source "ChessBase"]
[SourceQuality "1"]
[TimeControl "40/5400+30:1800+30"]

1. e4 c5 2. Nf3 Nc6 3. d4 cxd4 4. Nxd4 g6 5. c4 Nf6 6. Nc3 d6 7. Be2 Nxd4 8. Qxd4 Bg7 9. O-O O-O 10. Qd3 Bd7 11. Be3 a5 12. b3 Bc6 13. Bd4 Nd7 14. Bxg7 Kxg7 15. Kh1 Nc5 1/2-1/2

[Event "Romanian Superliga 2024"]
[Site "Mamaia"]
[Date "2024.09.28"]
[Round "1.5"]
[White "Stepanencu, Nicodim-Cosmin"]
[Black "Itkis, Boris"]
[Result "1/2-1/2"]
[ECO "B01"]
[WhiteElo "2296"]
[BlackElo "2279"]
[Annotator "ChessBase"]
[PlyCount "54"]
[EventDate "2024.09.26"]
[EventType "team-tourn"]
[EventCountry "ROU"]
[SourceTitle "playchess.com"]
[Source "ChessBase"]
[SourceQuality "1"]
[TimeControl "40/5400+30:1800+30"]

1. e4 d5 2. exd5 Qxd5 3. Nc3 Qd6 4. d4 Nf6 5. Nf3 c6 6. Ne5 Nbd7 7. Nc4 Qc7 8. a4 g6 9. Qf3 Bg7 10. Bf4 Qd8 11. a5 Nb8 12. Be5 O-O 13. h3 Be6 14. Ne3 Qc8 15. Be2 Nbd7 16. Bh2 Rd8 17. O-O b5 18. Rfd1 a6 19. Rac1 Nf8 20. Ne4 Nxe4 21. Qxe4 f5 22. Qf4 Bf7 23. c3 Ne6 24. Qf3 Ng5 25. Qf4 Ne6 26. Qf3 Ng5 27. Qf4 Ne6 1/2-1/2

[Event "Romanian Superliga 2024"]
[Site "Mamaia"]
[Date "2024.09.28"]
[Round "1.6"]
[White "Negrean, Andrei"]
[Black "Szabo, Attila"]
[Result "1-0"]
[ECO "E16"]
[WhiteElo "2267"]
[BlackElo "2137"]
[Annotator "ChessBase"]
[PlyCount "91"]
[EventDate "2024.09.26"]
[EventType "team-tourn"]
[EventCountry "ROU"]
[SourceTitle "playchess.com"]
[Source "ChessBase"]
[SourceQuality "1"]
[TimeControl "40/5400+30:1800+30"]

1. d4 Nf6 2. Nf3 e6 3. c4 b6 4. g3 Bb7 5. Bg2 Bb4+ 6. Bd2 Bxd2+ 7. Qxd2 O-O 8. O-O d6 9. Nc3 Nbd7 10. d5 e5 11. b4 Qe7 12. e4 Nh5 13. Rac1 g6 14. Qh6 Rfe8 15. Rfd1 Nhf6 16. h3 a6 17. Ne1 Rac8 18. Nd3 c6 19. Qe3 c5 20. bxc5 bxc5 21. Rb1 Rb8 22. Rb3 Qd8 23. Rdb1 Qc7 24. Qc1 Ba8 25. Qa3 Rxb3 26. axb3 Bb7 27. b4 cxb4 28. Rxb4 Rb8 29. Qb2 a5 30. Nb5 Qb6 31. Rb3 Ba6 32. Qa3 Ne8 33. Rb2 Bxb5 34. Rxb5 Qd4 35. Rxb8 Nxb8 36. c5 dxc5 37. Nxc5 Qb4 38. Qc1 Nd6 39. Nd3 Qc4 40. Qb2 Nd7 41. Nxe5 Nxe5 42. Qxe5 Qb4 43. Qe7 a4 44. e5 a3 45. Qd8+ Kg7 46. Qf6+ 1-0

[Event "Romanian Superliga 2024"]
[Site "Mamaia"]
[Date "2024.09.28"]
[Round "1.7"]
[White "Kozak, Adam"]
[Black "Shevchenko, Kirill"]
[Result "1/2-1/2"]
[ECO "B93"]
[WhiteElo "2609"]
[BlackElo "2673"]
[Annotator "TA"]
[PlyCount "58"]
[EventDate "2024.09.26"]
[EventType "team-tourn"]
[EventCountry "ROU"]
[SourceTitle "playchess.com"]
[Source "ChessBase"]
[SourceQuality "1"]
[TimeControl "40/5400+30:1800+30"]

1. e4 c5 2. Nf3 d6 3. d4 cxd4 4. Nxd4 Nf6 5. Nc3 a6 6. f4 e5 7. Nb3 Nc6 8. Bd3 Be7 9. O-O O-O 10. Nd5 exf4 11. Nxe7+ Qxe7 12. Bxf4 h6 {[%emt 0:00:00][%cal Oc8e6] Against Bg5} 13. Qd2 Be6 14. Rae1 Rfe8 15. c3 Bxb3 16. axb3 Ne5 17. Bc2 Qe6 18. h3 a5 19. Rf2 (19. Rd1 $14) 19... Ra6 20. Qe2 Qc8 21. Ref1 {[%emt 0:04:44][%cal Of4h6] Black must now prevent Bxh6!} Nfd7 22. Be3 Re7 23. Bd4 Qc6 24. b4 axb4 25. cxb4 {[%emt 0:00:04] [#] Threatens to win with b5.} b5 $1 26. Bb3 {[%emt 0:03:16] This pair of bishops is nice.} Nc4 {[%emt 0:00:00] The position is equal.} 27. Qh5 f6 28. Rc1 {[%emt 0:02:49] Strongly threatening Bxc4+.} Ra8 29. Qd1 Kh8 {[%emt 0:03:19] Weighted Error Value: White=0.10 (very precise) /Black=0.08 (flawless) .  Mistake:       	White=1     	---        Inaccurate:     	White=2     	Black=5      OK:         	White=6     	Black=12     Best:        	---       	Black=1      Strong:       	---       	Black=1} 1/2-1/2

[Event "Romanian Superliga 2024"]
[Site "Mamaia"]
[Date "2024.09.28"]
[Round "1.8"]
[White "Lupulescu, Constantin"]
[Black "Tarlev, Konstantin"]
[Result "1/2-1/2"]
[ECO "D38"]
[WhiteElo "2590"]
[BlackElo "2579"]
[Annotator "RC"]
[PlyCount "34"]
[EventDate "2024.09.26"]
[EventType "team-tourn"]
[EventCountry "ROU"]
[SourceTitle "playchess.com"]
[Source "ChessBase"]
[SourceQuality "1"]
[TimeControl "40/5400+30:1800+30"]

1. d4 d5 2. Nf3 Nf6 3. c4 e6 4. Nc3 Bb4 5. Bg5 h6 6. Bxf6 Qxf6 7. e3 O-O 8. Rc1 c6 9. a3 Bxc3+ 10. Rxc3 Nd7 11. Bd3 dxc4 12. Bxc4 b6 13. O-O Bb7 14. Be2 c5 15. dxc5 Nxc5 16. Qd4 Qxd4 17. Nxd4 Rfc8 1/2-1/2

[Event "Romanian Superliga 2024"]
[Site "Mamaia"]
[Date "2024.09.28"]
[Round "1.9"]
[White "Serban, Cristian-Stefan"]
[Black "Motylev, Alexander"]
[Result "0-1"]
[ECO "E01"]
[WhiteElo "2269"]
[BlackElo "2582"]
[Annotator "RC"]
[PlyCount "258"]
[EventDate "2024.09.26"]
[EventType "team-tourn"]
[EventCountry "ROU"]
[SourceTitle "playchess.com"]
[Source "ChessBase"]
[SourceQuality "1"]
[TimeControl "40/5400+30:1800+30"]

1. c4 c6 2. g3 d5 3. Bg2 Nf6 4. Nf3 e6 5. b3 Bd6 6. Bb2 O-O 7. O-O Nbd7 8. d4 Re8 9. Nc3 dxc4 10. bxc4 e5 11. e3 exd4 12. exd4 Nf8 13. Qb3 Bf5 14. Rfe1 Ne6 15. Rad1 h6 16. Bc1 Rb8 17. h3 Bf8 18. Be3 Qa5 19. Bxh6 gxh6 20. Re5 Nc5 21. dxc5 Rxe5 22. Nxe5 Qc7 23. Nd3 Re8 24. Na4 Ne4 25. Nf4 Bg7 26. Nh5 Bh8 27. Qf3 Qe5 28. Qe3 Bxh3 29. Nf4 Bf5 30. Nd3 Qd4 31. Qf4 Bg6 32. Ndb2 Qf6 33. Nd3 Rd8 34. Qe3 Qg5 35. Re1 Qxe3 36. Rxe3 Nxg3 37. Nf4 Nf5 38. Rb3 Rd1+ 39. Bf1 Bd4 40. Ne2 Be5 41. Rxb7 Nd4 42. Nac3 Nxe2+ 43. Nxe2 Bd3 44. Kg2 Bxc4 45. Rxa7 Bd5+ 46. f3 Rd3 47. Ng1 Rd2+ 48. Ne2 Bd4 49. Kg3 Bxc5 50. Ra8+ Kg7 51. Nc3 Bd6+ 52. f4 Rd4 53. Nxd5 cxd5 54. a4 Rxf4 55. Kg2 Rg4+ 56. Kf2 Bg3+ 57. Kf3 Rf4+ 58. Kxg3 Rxf1 59. Rd8 Ra1 60. Rxd5 Ra3+ 61. Kg4 Rxa4+ 62. Kg3 Ra6 63. Rb5 Rg6+ 64. Kf4 Rf6+ 65. Kg4 Rg6+ 66. Kf4 Rg2 67. Ra5 Rg1 68. Rb5 Kg6 69. Ra5 Rg2 70. Rb5 Rg1 71. Ra5 h5 72. Ra8 Kg7 73. Ra5 Kh6 74. Ra8 Rg4+ 75. Kf3 Kg7 76. Ra5 Kg6 77. Ra8 Kh7 78. Ra5 Kh6 79. Ra8 Kg5 80. Rg8+ Kh4 81. Rf8 Rg3+ 82. Kf2 Rg7 83. Rh8 Rg5 84. Rh7 f6 85. Rh6 f5 86. Rb6 Rg4 87. Rb5 Kg5 88. Rb8 Ra4 89. Kg3 Ra3+ 90. Kg2 Ra2+ 91. Kf3 Ra3+ 92. Kg2 Kg4 93. Rg8+ Kh4 94. Rf8 Kg5 95. Rg8+ Kf4 96. Rh8 Ra2+ 97. Kh3 Ra1 98. Kg2 Ra2+ 99. Kh3 Ra3+ 100. Kg2 Rg3+ 101. Kf2 Rg5 102. Rh7 Kg4 103. Kg2 Rg8 104. Rh6 Kh4+ 105. Kf3 Rg1 106. Kf2 Ra1 107. Rh8 Kg4 108. Rg8+ Kf4 109. Rh8 Ra2+ 110. Kg1 h4 111. Kf1 Kg3 112. Rg8+ Kf3 113. Kg1 f4 114. Rh8 Rd2 115. Rh7 Rc2 116. Rh8 Rb2 117. Rh7 Re2 118. Rh8 Rc2 119. Rh7 Rb2 120. Rh8 Rg2+ 121. Kf1 Rg4 122. Ra8 Kg3 123. Kg1 f3 124. Rf8 h3 125. Rf7 Rg5 126. Rf8 Rg4 127. Rf7 h2+ 128. Kh1 f2 129. Rf8 Rf4 0-1

[Event "Romanian Superliga 2024"]
[Site "Mamaia"]
[Date "2024.09.28"]
[Round "1.10"]
[White "Gavrilescu, David"]
[Black "Tampea, Radu"]
[Result "1-0"]
[ECO "B30"]
[WhiteElo "2547"]
[BlackElo "2226"]
[Annotator "RC"]
[PlyCount "69"]
[EventDate "2024.09.26"]
[EventType "team-tourn"]
[EventCountry "ROU"]
[SourceTitle "playchess.com"]
[Source "ChessBase"]
[SourceQuality "1"]
[TimeControl "40/5400+30:1800+30"]

1. e4 c5 2. Nf3 Nc6 3. Bb5 e5 4. O-O Bd6 5. Bc4 Nf6 6. d3 O-O 7. Nc3 Be7 8. h3 h6 9. Nh2 d6 10. f4 exf4 11. Bxf4 Nd4 12. Nd5 Ne6 13. Bd2 Nxd5 14. Bxd5 Nc7 15. Bb3 d5 16. exd5 Nxd5 17. Qf3 Be6 18. Ng4 Bg5 19. Bxg5 Qxg5 20. Rae1 Rad8 21. Re5 Bxg4 22. Qg3 Qd2 23. hxg4 Nb6 24. Rxc5 Qb4 25. Rcf5 Qd4+ 26. Kh2 Kh8 27. Rxf7 Rxf7 28. Rxf7 Nd5 29. c3 Qb6 30. d4 Qg6 31. Rxb7 Nf6 32. Be6 Re8 33. Rb8 Ne4 34. Qe5 Nf6 35. Bf5 1-0

[Event "Romanian Superliga 2024"]
[Site "Mamaia"]
[Date "2024.09.28"]
[Round "1.11"]
[White "Padurariu, Mihai-Edward"]
[Black "Costachi, Mihnea"]
[Result "1/2-1/2"]
[ECO "C50"]
[WhiteElo "2233"]
[BlackElo "2472"]
[Annotator "RC"]
[PlyCount "105"]
[EventDate "2024.09.26"]
[EventType "team-tourn"]
[EventCountry "ROU"]
[SourceTitle "playchess.com"]
[Source "ChessBase"]
[SourceQuality "1"]
[TimeControl "40/5400+30:1800+30"]

1. e4 e5 2. Nf3 Nc6 3. Bc4 Nf6 4. d3 Bc5 5. Nc3 h6 6. h3 a6 7. Be3 Bxe3 8. fxe3 d6 9. d4 Nxe4 10. Nxe4 d5 11. Bd3 dxe4 12. Bxe4 exd4 13. exd4 O-O 14. O-O Qd6 15. c3 Be6 16. Bc2 Bc4 17. Rf2 Rae8 18. Nd2 Be6 19. Ne4 Qd5 20. Qd3 f5 21. Nc5 Ne5 22. Qg3 Nc4 23. Qxc7 Bc8 24. Bb3 b5 25. Raf1 Re3 26. a4 Rfe8 27. axb5 axb5 28. Na4 Be6 29. Nb6 Qd6 30. Qxd6 Nxd6 31. Bxe6+ R8xe6 32. Nd5 Re1 33. Nf4 R6e3 34. Rxe1 Rxe1+ 35. Rf1 Re4 36. Nd3 Re3 37. Rf3 Re2 38. Rf2 Re3 39. Ne5 Re1+ 40. Kh2 g5 41. Rc2 Ne4 42. Nd3 Re3 43. Ne5 f4 44. Rc1 Re2 45. b3 Nd2 46. Kg1 Nxb3 47. Rb1 Nd2 48. Rxb5 Ne4 49. Rb8+ Kg7 50. Rb7+ Kg8 51. Rb8+ Kg7 52. Rb7+ Kg8 53. Rb8+ 1/2-1/2

[Event "Romanian Superliga 2024"]
[Site "Mamaia"]
[Date "2024.09.28"]
[Round "1.12"]
[White "Tudor, Henry Edward"]
[Black "Radu, David Cr."]
[Result "1-0"]
[ECO "D31"]
[WhiteElo "2347"]
[BlackElo "2159"]
[Annotator "ChessBase"]
[PlyCount "51"]
[EventDate "2024.09.26"]
[EventType "team-tourn"]
[EventCountry "ROU"]
[SourceTitle "playchess.com"]
[Source "ChessBase"]
[SourceQuality "1"]
[TimeControl "40/5400+30:1800+30"]

1. d4 d5 2. c4 e6 3. Nc3 a6 4. cxd5 exd5 5. Qb3 Bd6 6. Qxd5 Nf6 7. Qb3 c5 8. Be3 cxd4 9. Bxd4 Nc6 10. Bb6 Qe7 11. e3 Be6 12. Bc4 Bxc4 13. Qxc4 Nb4 14. Rd1 Nd7 15. Bd4 b5 16. Qe2 O-O 17. Nf3 Rad8 18. O-O f5 19. a3 Nc6 20. a4 Nxd4 21. Nxd4 b4 22. Nc6 Qf6 23. Nxd8 Rxd8 24. Nd5 Qh6 25. h3 Nc5 26. Qc4 1-0

[Event "Romanian Superliga 2024"]
[Site "Mamaia"]
[Date "2024.09.28"]
[Round "1.13"]
[White "Theodorou, Nikolas"]
[Black "Petkov, Momchil"]
[Result "1/2-1/2"]
[ECO "E94"]
[WhiteElo "2619"]
[BlackElo "2540"]
[Annotator "RC"]
[PlyCount "143"]
[EventDate "2024.09.26"]
[EventType "team-tourn"]
[EventCountry "ROU"]
[SourceTitle "playchess.com"]
[Source "ChessBase"]
[SourceQuality "1"]
[TimeControl "40/5400+30:1800+30"]

1. d4 Nf6 2. c4 g6 3. Nc3 Bg7 4. e4 d6 5. Be2 O-O 6. Nf3 e5 7. O-O Bg4 8. d5 a5 9. Ne1 Bd7 10. Nd3 Na6 11. a3 a4 12. f3 Qe8 13. Be3 Nh5 14. c5 Nf4 15. cxd6 Nxe2+ 16. Qxe2 cxd6 17. b3 axb3 18. Rfb1 Nc7 19. Rxb3 Nb5 20. Qb2 Nd4 21. Rxb7 Qc8 22. Rc1 Rb8 23. Rxb8 Qxb8 24. Qxb8 Rxb8 25. Nb4 Rc8 26. Kf2 f5 27. Nb1 Ra8 28. Rc7 Be8 29. Rb7 Rc8 30. Rb6 f4 31. Bd2 Bf8 32. Nc3 Be7 33. a4 Bd8 34. Ra6 Rb8 35. Nd3 Nb3 36. Ke2 Bb6 37. Nb5 Bxb5 38. axb5 Nd4+ 39. Kf1 Nxb5 40. Ra1 Bd4 41. Rb1 Kf7 42. Nc1 Ba7 43. Nd3 Bd4 44. Be1 Ba7 45. Bf2 Na3 46. Rxb8 Bxb8 47. Nb4 Bc7 48. Ke2 Ke8 49. Kd3 Kd7 50. Nc6 Bd8 51. Be1 Bb6 52. Bh4 Nb5 53. Bf6 Na7 54. Nxe5+ dxe5 55. Bxe5 Bc7 56. Bf6 Nb5 57. e5 Bb6 58. e6+ Kd6 59. Ke4 Ba5 60. Be5+ Ke7 61. Kxf4 Bd2+ 62. Ke4 Nd6+ 63. Kd3 Bc1 64. g4 Ba3 65. h3 Bc1 66. Bg3 Bg5 67. Kd4 Nb7 68. Kc4 Nd8 69. f4 Bf6 70. f5 gxf5 71. gxf5 Nb7 72. Kd3 1/2-1/2

[Event "Romanian Superliga 2024"]
[Site "Mamaia"]
[Date "2024.09.28"]
[Round "1.14"]
[White "Stoyanov, Tsvetan"]
[Black "Kourkoulos-Arditis, Stamatis"]
[Result "1/2-1/2"]
[ECO "A17"]
[WhiteElo "2471"]
[BlackElo "2570"]
[Annotator "RC"]
[PlyCount "95"]
[EventDate "2024.09.26"]
[EventType "team-tourn"]
[EventCountry "ROU"]
[SourceTitle "playchess.com"]
[Source "ChessBase"]
[SourceQuality "1"]
[TimeControl "40/5400+30:1800+30"]

1. c4 e6 2. Nc3 d5 3. e3 Nf6 4. Nf3 b6 5. cxd5 exd5 6. g3 Bd6 7. Bg2 O-O 8. O-O Re8 9. b3 Ba6 10. d3 Nbd7 11. Bb2 Bf8 12. Ne2 c5 13. Rc1 Rc8 14. Nf4 h6 15. Re1 Bb7 16. Rc2 Bd6 17. Ne2 b5 18. Nh4 Bf8 19. Qa1 a5 20. Nf3 b4 21. Ne5 Nxe5 22. Bxe5 Nd7 23. Bb2 a4 24. Qd1 Nb6 25. Nf4 Rc7 26. h4 Bc8 27. Rc1 Ra7 28. Qh5 g6 29. Nxg6 fxg6 30. Qxg6+ Bg7 31. Bxg7 Rxg7 32. Qc6 axb3 33. axb3 Rf8 34. Rxc5 Rf6 35. Qb5 Qf8 36. Rc2 Bd7 37. Qa5 Bg4 38. Rec1 Kh7 39. e4 Nd7 40. Qxd5 Bf3 41. Bh3 Nb6 42. Qd4 Qd6 43. Bf5+ Kh8 44. Qe3 Rxf5 45. exf5 Rxg3+ 46. fxg3 Qxg3+ 47. Kf1 Qh3+ 48. Kf2 1/2-1/2

[Event "Romanian Superliga 2024"]
[Site "Mamaia"]
[Date "2024.09.28"]
[Round "1.15"]
[White "Marin, Mihail"]
[Black "Ghimpu, Samuel-Timotei"]
[Result "0-1"]
[ECO "A13"]
[WhiteElo "2455"]
[BlackElo "2456"]
[Annotator "RC"]
[PlyCount "104"]
[EventDate "2024.09.26"]
[EventType "team-tourn"]
[EventCountry "ROU"]
[SourceTitle "playchess.com"]
[Source "ChessBase"]
[SourceQuality "1"]
[TimeControl "40/5400+30:1800+30"]

1. c4 e6 2. g3 d5 3. Bg2 d4 4. Nf3 Nc6 5. O-O Nh6 6. d3 Nf5 7. Na3 Bxa3 8. bxa3 O-O 9. Nd2 Rb8 10. Nb3 h6 11. e4 dxe3 12. fxe3 Ne5 13. e4 Ne7 14. Qh5 N5c6 15. Qe2 e5 16. Be3 b6 17. Rad1 Ng6 18. a4 Be6 19. a5 bxa5 20. Qf2 a6 21. h4 Bg4 22. Rd2 f6 23. h5 Nge7 24. Bf3 Qc8 25. Nc5 Bxf3 26. Qxf3 Rd8 27. Kg2 Rd6 28. Rfd1 Nd8 29. d4 exd4 30. Bxd4 Nf7 31. Qf4 Nc6 32. Bc3 Nce5 33. Bxe5 Nxe5 34. Rd5 Nxc4 35. Nd3 Qb7 36. Nc5 Qc6 37. Kh3 Re8 38. R1d4 Rxd5 39. Rxd5 Ne3 40. Rd3 Qxc5 41. Qxe3 Qxh5+ 42. Kg2 Qe5 43. Rd4 f5 44. Qb3+ Kh7 45. Qd5 fxe4 46. Qxe5 Rxe5 47. Rc4 e3 48. Kf1 e2+ 49. Ke1 h5 50. Rxc7 Kg6 51. Rc6+ Kf5 52. Rxa6 g5 0-1

[Event "Romanian Superliga 2024"]
[Site "Mamaia"]
[Date "2024.09.28"]
[Round "1.16"]
[White "Gheorghiu, Calin"]
[Black "Miron, Lucian-Costin"]
[Result "0-1"]
[ECO "C47"]
[WhiteElo "2313"]
[BlackElo "2473"]
[Annotator "RC"]
[PlyCount "108"]
[EventDate "2024.09.26"]
[EventType "team-tourn"]
[EventCountry "ROU"]
[SourceTitle "playchess.com"]
[Source "ChessBase"]
[SourceQuality "1"]
[TimeControl "40/5400+30:1800+30"]

1. e4 e5 2. Nf3 Nc6 3. Nc3 Nf6 4. d4 exd4 5. Nxd4 Bb4 6. Nxc6 bxc6 7. Bd3 d5 8. exd5 O-O 9. O-O cxd5 10. h3 Re8 11. Qf3 Rb8 12. Bg5 Be6 13. Ne2 h6 14. Bh4 Be7 15. b3 Nd7 16. Bxe7 Qxe7 17. Qg3 c5 18. Nf4 Qg5 19. Qh2 Qe5 20. Rae1 Qd6 21. Re3 g5 22. Nxe6 Qxh2+ 23. Kxh2 Rxe6 24. Rg3 Nf6 25. h4 Nh5 26. Rg4 Nf6 27. Ra4 Rb7 28. g3 Kg7 29. Kg2 Rc7 30. hxg5 hxg5 31. Rd1 Re8 32. Kg1 Re6 33. Kg2 Re8 34. Kg1 Re6 35. Ra5 Re8 36. Bf1 Kg6 37. Bd3+ Kg7 38. Bf1 Kg6 39. c3 Re6 40. Bd3+ Kg7 41. Bf1 g4 42. Ra4 Rce7 43. Kg2 Re1 44. Rxe1 Rxe1 45. Rxa7 Ne4 46. Re7 Rd1 47. c4 Nd2 48. Re5 Nxf1 49. cxd5 f6 50. Re7+ Kg6 51. f3 gxf3+ 52. Kxf3 Rxd5 53. Re2 Rd3+ 54. Kg2 Nxg3 0-1

[Event "Romanian Superliga 2024"]
[Site "Mamaia"]
[Date "2024.09.28"]
[Round "1.17"]
[White "Secheres, Adrian-Simion"]
[Black "Coca, Cristi-Iulian"]
[Result "1-0"]
[ECO "A49"]
[WhiteElo "2344"]
[BlackElo "2233"]
[Annotator "ChessBase"]
[PlyCount "91"]
[EventDate "2024.09.26"]
[EventType "team-tourn"]
[EventCountry "ROU"]
[SourceTitle "playchess.com"]
[Source "ChessBase"]
[SourceQuality "1"]
[TimeControl "40/5400+30:1800+30"]

1. d4 Nf6 2. Nf3 g6 3. g3 Bg7 4. Bg2 O-O 5. O-O d6 6. Re1 c5 7. c3 Nc6 8. d5 Na5 9. e4 e6 10. Na3 exd5 11. exd5 Qb6 12. b4 cxb4 13. Be3 Qc7 14. cxb4 Qc3 15. Nb5 Qxb4 16. Rb1 Qc4 17. Qd2 b6 18. Nfd4 Bd7 19. Rec1 Bxb5 20. Rxc4 Bxc4 21. Bh6 Ne8 22. h4 Bxh6 23. Qxh6 Ng7 24. Qf4 Rfe8 25. Rc1 Nh5 26. Qd2 Rac8 27. Nc6 Nxc6 28. dxc6 d5 29. Bxd5 Bxd5 30. Qxd5 Rc7 31. Qd6 Rec8 32. g4 Ng7 33. h5 gxh5 34. gxh5 Nxh5 35. Kh2 Ng7 36. Qh6 Re8 37. Rg1 f5 38. Qd6 Rec8 39. Qf6 Kh8 40. Rd1 Rg8 41. Rd7 Rcc8 42. c7 Rcf8 43. Qe7 Re8 44. Qf6 Ref8 45. Qxf8 Rxf8 46. Rd8 1-0

[Event "Romanian Superliga 2024"]
[Site "Mamaia"]
[Date "2024.09.28"]
[Round "1.18"]
[White "Dobre, Claudiu-Cristian"]
[Black "Nastore, Pavel-Alexandru"]
[Result "1/2-1/2"]
[ECO "A27"]
[WhiteElo "2294"]
[BlackElo "2252"]
[Annotator "ChessBase"]
[PlyCount "124"]
[EventDate "2024.09.26"]
[EventType "team-tourn"]
[EventCountry "ROU"]
[SourceTitle "playchess.com"]
[Source "ChessBase"]
[SourceQuality "1"]
[TimeControl "40/5400+30:1800+30"]

1. c4 e5 2. Nc3 Bb4 3. Nf3 Nc6 4. Nd5 a5 5. a3 Be7 6. d4 d6 7. e3 Nf6 8. b3 O-O 9. Bb2 Re8 10. Nxe7+ Qxe7 11. Be2 e4 12. Nd2 d5 13. Qc2 Be6 14. O-O Nd8 15. Rae1 c6 16. f3 Bf5 17. fxe4 Bxe4 18. Nxe4 Nxe4 19. Bd3 g6 20. g4 Qd7 21. Qg2 a4 22. b4 Re7 23. Kh1 b5 24. cxb5 cxb5 25. Bxe4 Rxe4 26. Rf4 Rxf4 27. exf4 Ne6 28. Re5 Rd8 29. f5 Nc7 30. Bc1 f6 31. Re2 Re8 32. Bf4 Rxe2 33. Qxe2 Ne8 34. fxg6 hxg6 35. h3 Kf7 36. Kg2 Ng7 37. Qc2 Ne6 38. Be3 Kg7 39. Kf2 Qe8 40. Kf3 Qd7 41. Kg2 g5 42. Kf3 Qc7 43. Qxc7+ Nxc7 44. Bc1 Kg6 45. Bb2 Ne6 46. Kg3 f5 47. Kf3 Kf6 48. Kg3 Nf4 49. Ba1 Ng6 50. Bb2 Nf8 51. Kf3 Nd7 52. Kg3 Nb6 53. Kf3 Nc4 54. Bc1 Nd6 55. Kg3 Ne4+ 56. Kf3 Kg6 57. Ke2 Nc3+ 58. Kf3 Kf6 59. Ke3 Ne4 60. Kf3 Nd6 61. Kg3 Ne4+ 62. Kf3 Nd6 1/2-1/2

[Event "Romanian Superliga 2024"]
[Site "Mamaia"]
[Date "2024.09.28"]
[Round "1.19"]
[White "Lashkin, Jegor"]
[Black "Mendonca, Leon Luke"]
[Result "1/2-1/2"]
[ECO "E15"]
[WhiteElo "2472"]
[BlackElo "2622"]
[Annotator "RC"]
[PlyCount "69"]
[EventDate "2024.09.26"]
[EventType "team-tourn"]
[EventCountry "ROU"]
[SourceTitle "playchess.com"]
[Source "ChessBase"]
[SourceQuality "1"]
[TimeControl "40/5400+30:1800+30"]

1. d4 Nf6 2. c4 e6 3. Nf3 b6 4. g3 Ba6 5. b3 Bb4+ 6. Bd2 Be7 7. Nc3 O-O 8. Bg2 c6 9. e4 d5 10. exd5 cxd5 11. Ne5 Bb7 12. O-O Nc6 13. Bf4 Rc8 14. Rc1 Na5 15. cxd5 Bb4 16. Bd2 Nxd5 17. Nxd5 Rxc1 18. Nf6+ Qxf6 19. Qxc1 Bxd2 20. Qxd2 Bxg2 21. Kxg2 Qd8 22. Rc1 f6 23. Nf3 Qd7 24. Qc3 Rd8 25. Qc7 Nb7 26. a4 Nd6 27. a5 Nb5 28. Qxd7 Rxd7 29. axb6 axb6 30. Rc8+ Kf7 31. Rb8 Nxd4 32. Nxd4 Rxd4 33. Rb7+ Kg6 34. Rxb6 e5 35. h4 1/2-1/2